AoeStats
← Yamza

Arena

507274693Analyzed
3v3 RM · 14d ago on Sep 17, 2026· 35m 7s· 6 players
Game mode
Random Map
Map size
Normal (6 player)
Population
200
Speed
Normal
Resources
Standard
Victory
Conquest
Starting age
Dark Age
Ending age
Imperial Age
RankedLock teamsTeams togetherTeam positionsShared explorationLock speedFull tech treeHidden civsTurbo modeCheats
Victory
Defeat
🇫🇷 Lithuanians · France
688
+15
609
+18
🇵🇪 Burgundians · Peru
554
+20
🇨🇳 Teutons · China
715
-20
707
-20
🇨🇳 Koreans · China
550
-13
牛人玩牛牛游!
10:50 Feudal Age
11:26 Double-Bit Axe
13:44 Wheelbarrow
13:41 Horse Collar
20:48 Castle Age
19:43 Stone Mining
19:51 Gold Mining
21:44 Pikeman
22:48 Elite Skirmisher
Yamza
10:41 Feudal Age
11:06 Horse Collar
11:14 Double-Bit Axe
14:34 Gold Mining
17:17 Forging
19:55 Castle Age
18:29 Forging
19:34 Padded Archer Armor
20:23 Pikeman
MAHORAGA
7:32 Horse Collar
7:48 Double-Bit Axe
12:51 Feudal Age
17:50 Castle Age
16:02 Gold Mining
16:04 Horse Collar
17:40 Loom
18:31 Wheelbarrow
17:42 Town Watch
18:40 Bow Saw
19:43 Heavy Plow
19:23 Man-at-Arms
22:39 Long Swordsman
23:29 Arson
23:53 Squires
26:50 Scale Mail Armor
29:05 Forging
28:46 Pikeman
34:19 Chain Mail Armor
34:10 Scale Barding Armor
Tamerlane
11:20 Feudal Age
11:54 Double-Bit Axe
14:47 Castle Age
12:30 Horse Collar
14:16 Gold Mining
15:50 Bow Saw
19:01 Sanctity
18:59 Loom
22:43 Town Watch
23:34 Wheelbarrow
28:27 Imperial Age
25:47 Loom
28:53 Redemption
29:03 Town Patrol
30:26 Chemistry
30:47 Block Printing
30:58 Illumination
31:10 Theocracy
32:29 Padded Archer Armor
33:50 Heavy Plow
邦多利第一耐摔王-莫提斯
10:49 Feudal Age
14:43 Castle Age
12:45 Double-Bit Axe
18:13 Bow Saw
20:08 Wheelbarrow
20:24 Bow Saw
20:57 Gold Mining
21:58 Horse Collar
25:17 Scale Barding Armor
25:29 Forging
25:38 Hand Cart
26:09 Heavy Plow
26:38 Chain Barding Armor
26:58 Bloodlines
29:28 Imperial Age
27:26 Stone Mining
29:31 Iron Casting
30:03 Cavalier
31:05 Conscription
32:29 Crop Rotation
33:01 Two-Man Saw
33:11 Chemistry
32:18 Siege Engineers
32:53 Plate Barding Armor
33:18 Blast Furnace
32:17 Paladin
Camel Sakiko
12:37 Feudal Age
11:29 Loom
13:26 Double-Bit Axe
13:45 Gold Mining
16:10 Castle Age
15:33 Fletching
15:41 Horse Collar
17:34 Bodkin Arrow
23:06 Gold Mining
25:55 Ballistics
26:12 Bow Saw
27:43 Wheelbarrow
32:08 Imperial Age
30:18 Masonry
31:06 Eupseong
33:03 Bracer
34:15 Chemistry
Connection lost

Rejoining the realm…

Still unreachable

The connection could not be restored.

Session expired

The server has moved on; the page needs a fresh start.